AoeStats
← TreeFugger69

Arena

508942785Analyzed
3v3 RM · 9d ago on Sep 24, 2026· 57m 12s· 6 players
Game mode
Random Map
Map size
Normal (6 player)
Population
200
Speed
Normal
Resources
Standard
Victory
Conquest
Starting age
Dark Age
Ending age
Imperial Age
RankedLock teamsTeams togetherTeam positionsShared explorationLock speedFull tech treeHidden civsTurbo modeCheats
Victory
Defeat
🇹🇷 Turks · Türkiye
977
+13
🇺🇸 Malay · United States
959
+14
🇺🇸 Britons · United States
874
+17
🇮🇹 Bulgarians · Italy
929
-16
🇸🇪 Danes · Sweden
900
-14
🇺🇸 Poles · United States
900
-14
villenorrman
10:30 Feudal Age
11:01 Double-Bit Axe
13:14 Loom
16:53 Castle Age
15:31 Horse Collar
19:22 Bow Saw
20:06 Wheelbarrow
20:25 Town Watch
25:51 Forging
25:42 Scale Mail Armor
27:51 Hand Cart
28:50 Elite Skirmisher
34:35 Imperial Age
32:20 Fletching
32:30 Padded Archer Armor
32:54 Ballistics
33:32 Thumb Ring
35:02 Bodkin Arrow
35:22 Chain Mail Armor
35:45 Iron Casting
34:59 Arson
36:42 Conscription
41:59 Bracer
42:14 Leather Archer Armor
43:01 Blast Furnace
42:04 Town Patrol
43:03 Heavy Scorpion
45:57 Chemistry
47:18 Squires
47:35 Chain Mail Armor
47:51 Ring Archer Armor
48:55 Hamask
52:00 Pikeman
53:37 Halberdier
TreeFugger69
6:35 Loom
7:20 Loom
12:07 Feudal Age
13:05 Double-Bit Axe
13:01 Horse Collar
13:57 Town Watch
16:49 Castle Age
16:33 Wheelbarrow
18:12 Town Watch
22:48 Scale Barding Armor
22:35 Fletching
22:46 Scale Mail Armor
26:08 Hand Cart
26:40 Heavy Plow
26:52 Bow Saw
27:00 Elite Skirmisher
28:52 Light Cavalry
29:43 Bloodlines
31:05 Bodkin Arrow
31:10 Padded Archer Armor
31:32 Chain Barding Armor
34:48 Imperial Age
33:20 Husbandry
35:05 Treadmill Crane
35:36 Fortified Wall
34:53 Capped Ram
36:09 Conscription
36:12 Chain Mail Armor
36:08 Forging
37:54 Winged Hussar
39:23 Masonry
45:26 Leather Archer Armor
45:11 Bracer
45:50 Iron Casting
46:23 Lechitic Legacy
53:23 Blast Furnace
53:13 Szlachta Privileges
54:20 Cavalier
Itas
10:50 Feudal Age
12:15 Double-Bit Axe
12:12 Horse Collar
20:25 Castle Age
18:46 Stone Mining
19:07 Fletching
19:26 Gold Mining
26:08 Heavy Plow
27:09 Bow Saw
27:51 Stone Shaft Mining
31:29 Wheelbarrow
35:41 Imperial Age
36:00 Ballistics
35:50 Masonry
35:48 Scale Barding Armor
35:54 Forging
35:50 Capped Ram
36:45 Siege Ram
38:13 Husbandry
38:23 Bloodlines
40:42 Gambesons
41:00 Squires
41:05 Scale Mail Armor
41:40 Iron Casting
42:02 Conscription
48:19 Elite Skirmisher
51:02 Thumb Ring
50:28 Heavy Scorpion
irfan_serce_14716
0:28 Loom
13:07 Feudal Age
17:57 Castle Age
16:03 Double-Bit Axe
16:04 Horse Collar
16:47 Stone Mining
16:57 Gold Mining
23:10 Caravan
31:28 Imperial Age
29:15 Bow Saw
29:57 Heavy Plow
31:18 Wheelbarrow
31:23 Gold Shaft Mining
32:15 Hand Cart
33:28 Two-Man Saw
33:01 Elite Janissary
35:37 Hoardings
xxyvonnederful
10:17 Feudal Age
14:40 Castle Age
12:49 Double-Bit Axe
13:16 Horse Collar
14:39 Fletching
16:41 Wheelbarrow
17:37 Bodkin Arrow
20:41 Padded Archer Armor
21:38 Leather Archer Armor
24:15 Gold Mining
24:18 Stone Mining
29:02 Imperial Age
28:07 Hand Cart
27:38 Loom
27:38 Town Watch
28:33 Ballistics
28:26 Fortified Wall
29:46 Heavy Plow
30:25 Gold Shaft Mining
30:11 Bracer
32:05 Chemistry
31:57 Conscription
32:25 Ring Archer Armor
34:20 Elite Longbowman
37:05 Yeomen
51:41 Hoardings
Uncle_Buck
12:18 Feudal Age
12:43 Horse Collar
12:49 Double-Bit Axe
17:19 Castle Age
18:11 Wheelbarrow
19:00 Gold Mining
22:13 Forging
21:36 Crossbowman
28:14 Arson
31:29 Imperial Age
30:22 Arbalester
31:08 Thumb Ring
30:54 Fletching
31:05 Padded Archer Armor
33:58 Forced Levy
34:19 Conscription
33:39 Pikeman
34:16 Man-at-Arms
35:33 Iron Casting
35:13 Long Swordsman
37:14 Blast Furnace
36:18 Two-Handed Swordsman
40:04 Halberdier
45:01 Ballistics
48:28 Elite Battle Elephant
49:14 Scale Barding Armor
Connection lost

Rejoining the realm…

Still unreachable

The connection could not be restored.

Session expired

The server has moved on; the page needs a fresh start.